 Dungeon Crawl Stone Soup version 0.28.0-1-gb440e238dd (webtiles) character file.

Game seed: 3815626797157846800

1948 arthad the Shield-Bearer (level 9, 0/71 HPs)
             Began as a Formicid Fighter on Feb 20, 2022.
             Was an Initiate of Okawaru.
             Slain by a vampire (3 damage)
             ... in the Ecumenical Temple.
             The game lasted 00:13:14 (6338 turns).

arthad the Shield-Bearer (Formicid Fighter)         Turns: 6338, Time: 00:13:15

Health: 0/71       AC: 16    Str: 22 (23) XL:     9   Next: 41%
Magic:  3/3        EV: 10    Int: 11 (12) God:    Okawaru [......]
Gold:   5          SH:  5    Dex: 10      Spells: 8/8 levels left

rFire   . . .      SeeInvis +   G - +2 war axe (antimagic)
rCold   . . .      Faith    .   c - +0 buckler
rNeg    . . .      Spirit   .   i - +0 acid dragon scales
rPois   .          Reflect  .   (helmet unavailable)
rElec   .          Harm     .   g - +0 cloak
rCorr   +          Rampage  .   o - +2 pair of gloves
Will    .....                   v - +2 pair of boots
Stlth   ++........              (no amulet)
HPRegen 0.21/turn               y - ring of willpower
MPRegen 0.08/turn               (no ring)

@: brilliant, weak-willed
A: permanent stasis, dig shafts and tunnels, antennae 3, four strong arms,
clever 1, shaggy fur 1
a: Dig, Renounce Religion


You were in the Ecumenical Temple.
You worshipped Okawaru.
Okawaru was noncommittal.
You visited 2 branches of the dungeon, and saw 8 of its levels.

You collected 304 gold pieces.
You spent 299 gold pieces at shops.

Inventory:

Hand Weapons
 a - a +0 war axe
 e - a +3 vorpal flail
 G - a +2 antimagic war axe (weapon)
Missiles
 n - 46 bolts
 x - 3 poisoned darts
Armour
 b - a +0 scale mail
 c - a +0 buckler (worn)
 g - a +0 cloak (worn)
 i - +0 acid dragon scales (worn)
 o - a +2 pair of gloves (worn)
 v - a +2 pair of boots (worn)
 A - the +0 robe "Pyphasm" {rN+ Will+ Dex-5 Stlth+}
   (You found it on level 6 of the Dungeon)

   Dex:       It affects your dexterity (-5).
   rN:        It protects you from negative energy.
   Will:      It increases your willpower.
   Stlth:     It makes you more stealthy.
 B - a +2 leather armour of fire resistance
Magical Staves
 D - a staff of earth
Jewellery
 y - a ring of willpower (left hand)
Scrolls
 h - a scroll of teleportation
 j - 2 scrolls of immolation {unknown}
 l - 2 scrolls of noise {unknown}
 m - a scroll of acquirement {unknown}
 p - 2 scrolls of blinking {unknown}
 q - 4 scrolls of identify
 s - a scroll of brand weapon {unknown}
 t - a scroll of magic mapping {unknown}
 u - a scroll of holy word {unknown}
 w - a scroll of enchant armour {unknown}
 z - a scroll of enchant weapon {unknown}
 E - a scroll of summoning
 J - a scroll of fog {unknown}
Potions
 d - 2 potions of might
 k - 4 potions of lignification
 I - 2 potions of degeneration


   Skills:
 * Level 6.8 Fighting
 * Level 5.9 Axes
 * Level 6.8 Armour
 + Level 4.7 Stealth
 * Level 7.5 Shields


You had 8 spell levels left.
You didn't know any spells.
Your spell library contained the following spells:

 Spells                   Type           Power      Damage    Failure   Level
 Shock                    Conj/Air       0%         1d3       45%         1
 Ensorcelled Hibernation  Hex/Ice        0%         N/A       61%         2
 Passwall                 Tmut/Erth      0%         N/A       61%         2
 Dazzling Flash           Conj/Hex       0%         N/A       83%         3
 Airstrike                Air            0%         N/A       99%         4
 Agony                    Necr           0%         N/A       100%        5
 Silence                  Hex/Air        0%         N/A       100%        5
 Swiftness                Air            Unusable   N/A       N/A         3

Dungeon Overview and Level Annotations

Branches:
Dungeon (7/15)             Temple (1/1) D:7

Altars:
Ashenzari
Cheibriados
Hepliaklqana
Nemelex Xobeh
Okawaru
Qazlal
Ru
The Shining One

Shops:
D:7 (*


Innate Abilities, Weirdness & Mutations

You cannot be hasted, slowed, berserked, paralysed or teleported.
You can dig through walls and to a lower floor.
You have a pair of large antennae on your head. (SInv)
Your four strong arms can wield two-handed weapons with a shield.
Your mind is acute. (Int +2)
You are covered in fur. (AC +1)


Message History

Found a sparkling altar of Nemelex Xobeh.
Found a glowing golden altar of the Shining One.
You block the vampire's attack. x2
There is an iron altar of Okawaru here.
You kneel at the altar of Okawaru.
Okawaru welcomes you! The vampire barely misses you.
The vampire bites you but does no damage.
Okay, then.
You block the vampire's attack. The vampire bites you!
* * * LOW HITPOINT WARNING * * *
The vampire draws strength from your injuries!
Found a broken altar of Ashenzari and a sacrificial altar of Ru.
It was a potion of mutation.
You feel extremely strange. Fur sprouts all over your body.
You feel clever.
It was a potion of brilliance.
You feel clever all of a sudden.
The vampire hits you but does no damage.
The vampire bites you.
* * * LOW HITPOINT WARNING * * *
The vampire draws strength from your injuries!
Okay, then.
Unknown command.
The vampire casts a spell at you.
You are confused.
You bump into the crystal wall.
There is a staircase back to the Dungeon here.
You can't go down here!
You can't go down here!
The vampire hits you.
* * * LOW HITPOINT WARNING * * *
The vampire barely misses you.
In your confused state, you trip and fall back down the stairs.
* * * LOW HITPOINT WARNING * * *
You feel less confused. The vampire barely misses you.
The vampire bites you but does no damage.
Unknown command.
The vampire hits you.
You die...

.... #..
##...._...#.... #... ..
#.........#....#....
... ..........#...#.#..
...
..._......#..#...###...
......._...##.......#
...........#.......#
###........#..V@...#
#..####....#.......#
#.....####.......##
#.........###...#..#
#............#.#...#
#..._.........#....#
##......_....#.....#
#..........#.......#
#.........#...._...#


You could see a vampire (invisible, weak-willed).

Vanquished Creatures
  Prince Ribbit (D:6)
  Edmund (D:6)
  An acid dragon (D:6)
  2 water moccasins
  A centaur (D:6)
  2 phantoms (D:5)
  2 bullfrogs
  A gnoll sergeant (D:6)
  4 scorpions
  A water moccasin skeleton (D:6)
  5 hounds
  2 gnoll shamans
  2 jellies (D:6)
  An iguana (D:6)
  16 gnolls
  7 adders
  A white imp (D:6)
  An ufetubus (D:4)
  An adder skeleton (D:4)
  3 worms
  3 dart slugs (D:1)
  2 orcs
  10 ball pythons
  7 bats
  6 endoplasms
  4 giant cockroaches
  3 goblins
  6 hobgoblins
  4 jackals (D:1)
  10 kobolds
  3 quokkas
  7 frilled lizards
  4 rats
124 creatures vanquished.

Notes
Turn   | Place    | Note
-------+----------+-------------------------------------------
     0 | D:1      | arthad the Formicid Fighter began the quest for the Orb.
     0 | D:1      | Reached XP level 1. HP: 18/18 MP: 1/1
     9 | D:1      | Noticed a centaur
   105 | D:1      | Reached XP level 2. HP: 24/24 MP: 2/2
   404 | D:1      | Reached XP level 3. HP: 29/29 MP: 3/3
   426 | D:1      | Reached skill level 4 in Shields
   521 | D:1      | Reached skill level 1 in Stealth
   875 | D:2      | Reached XP level 4. HP: 25/37 MP: 4/4
  1437 | D:2      | Found a faded altar of an unknown god.
  1902 | D:3      | Reached XP level 5. HP: 42/42 MP: 5/5
  2314 | D:4      | Reached XP level 6. HP: 47/48 MP: 6/6
  2515 | D:4      | Reached skill level 5 in Shields
  2549 | D:5      | Entered Level 5 of the Dungeon
  2576 | D:5      | Reached XP level 7. HP: 19/55 MP: 7/7
  3835 | D:5      | Reached skill level 5 in Fighting
  3835 | D:5      | Reached skill level 5 in Armour
  3869 | D:5      | Noticed a water moccasin
  3883 | D:5      | Killed a water moccasin
  3941 | D:5      | Reached XP level 8. HP: 42/63 MP: 8/8
  4267 | D:5      | Reached skill level 6 in Shields
  4541 | D:6      | Identified the +0 robe "Pyphasm" {rN+ Will+ Dex-5 Stlth+}
  5097 | D:6      | Noticed Prince Ribbit
  5101 | D:6      | Noticed Edmund
  5115 | D:6      | Reached skill level 5 in Axes
  5121 | D:6      | Killed Edmund
  5135 | D:6      | Killed Prince Ribbit
  5136 | D:6      | Reached skill level 7 in Shields
  5136 | D:6      | Reached XP level 9. HP: 16/71 MP: 9/9
  6042 | D:7      | Found Najos's Weapon Emporium.
  6049 | D:7      | Bought a +2 antimagic war axe for 270 gold pieces
  6069 | D:7      | Found Tarphab's Assorted Antiques.
  6098 | D:7      | Bought a scroll labelled KOICHA POIFOO for 29 gold pieces
  6263 | D:7      | Found a staircase to the Ecumenical Temple.
  6301 | Temple   | Entered the Ecumenical Temple
  6320 | Temple   | Became a worshipper of Warmaster Okawaru
  6321 | Temple   | HP: 3/71 [vampire (7)]
  6325 | Temple   | Gained mutation: You are covered in fur. (AC +1) [potion of
                  | mutation]
  6325 | Temple   | Gained mutation: Your mind is acute. (Int +2) [potion of
                  | mutation]
  6326 | Temple   | HP: 2/71 [vampire (2)]
  6336 | Temple   | HP: 3/71 [vampire (1)]
  6338 | Temple   | Slain by a vampire

Illustrated notes

Levels and vault maps discovered:
D:1:      evilmike_arrival_come_back, layout_basic, grunt_decor_one_mirror
D:2:      layout_basic, shapermc_ecumenical_altar_starsandcircs,
          minmay_pentomino_t4
D:3:      layout_loops_cross, hangedman_feature_mirror, st_stairs_3,
          dk_vineyard_1
D:4:      layout_loops_ring
D:5:      layout_loops_ring, minmay_fractal_squares_diagonal_5
D:6:      layout_loops_ring, uniq_edmund, uniq_prince_ribbit1
D:7:      layout_basic, zin_treasury, minmay_temple_entry_gardened_gates,
          serial_shops, nicolae_diamond_shop, shop, shop,
          nicolae_shop_bloodbath_and_beyond
Temple:   mainiacjoe_temple_coin_purse

Skill      XL: |  1  2  3  4  5  6  7  8 |
---------------+-------------------------+-----
Shields        | 4 5 7 |  7.5
Stealth        | 1 2 3 4 |  4.7
Fighting       | 4 5 6 |  6.8
Armour         | 4 5 6 |  6.8
Axes           | 3 4 5 |  5.9

Action                   |  1- 3 |  4- 6 |  7- 9 || total
-------------------------+-------+-------+-------++-------
Melee: War axe           |   113 |   176 |   210 ||   499
  Use: Potion            |       |     5 |     8 ||    13
       Scroll            |       |       |     3 ||     3
 Stab: Invisible         |       |     3 |       ||     3
       Distracted        |       |       |     1 ||     1
       Sleeping          |       |       |     1 ||     1
Armor: Scale mail        |    83 |    91 |    69 ||   243
       Skin              |       |    24 |       ||    24
       Acid dragon scale |       |       |    47 ||    47
Dodge: Dodged            |    77 |    86 |   135 ||   298
Block: Buckler           |    30 |    46 |    56 ||   132
